 Dungeon Crawl Stone Soup version 0.21-a0-509-gecc5317 (webtiles) character file.

209 slep the Shield-Bearer (level 5, -2/41 HPs)
             Began as a Demonspawn Fighter on Nov 30, 2017.
             Slain by a gnoll
             ... wielding a +1 halberd of flaming
              (3 damage)
             ... on level 3 of the Dungeon.
             The game lasted 00:07:10 (1583 turns).

slep the Shield-Bearer (Demonspawn Fighter)         Turns: 1583, Time: 00:07:11

Health: -2/41      AC:  8    Str: 19    XL:     5   Next: 55%
Magic:  5/5        EV:  8    Int:  9    God:
Gold:   167        SH:  9    Dex: 15    Spells: 4/4 levels left

rFire    . . .     SeeInvis .   a - +0 long sword
rCold    . . .     Gourm    .   c - +0 shield
rNeg     . . .     Faith    .   b - +0 scale mail
rPois    .         Spirit   .   (helmet restricted)
rElec    .         Reflect  .   v - +0 cloak
rCorr    .         Harm     .   (no gloves)
MR       .....                  (no boots)
Stlth    ++........             w - amulet of rage
HPRegen  0.13/turn              r - ring of stealth
MPRegen  0.09/turn              u - +2 ring of strength (curse)

@: lethally poisoned (-2 -> -3)
A: antennae 2, thin skeletal structure 1, demonic guardian 1
a: Evoke Berserk Rage


You were on level 3 of the Dungeon.
You were not hungry.

You visited 1 branch of the dungeon, and saw 3 of its levels.

You collected 167 gold pieces.

Inventory:

Hand Weapons
 a - a +0 long sword (weapon)
Armour
 b - a +0 scale mail (worn)
 c - a +0 shield (worn)
 v - a +0 cloak (worn)
Jewellery
 r - a ring of stealth (left hand)
 u - a cursed +2 ring of strength (right hand)
 w - an amulet of rage (around neck)
Scrolls
 e - 2 scrolls of teleportation {unknown}
 g - a scroll of remove curse {unknown}
 l - 2 scrolls of enchant armour {unknown}
 m - a scroll of fear {unknown}
 o - a scroll of noise {unknown}
 q - a scroll of immolation {unknown}
 y - a scroll of enchant weapon {unknown}
 z - a scroll of blinking {unknown}
 A - a scroll of identify {unknown}
Potions
 d - 3 potions of might
 h - a potion of brilliance {unknown}
 i - 2 potions of heal wounds {unknown}
 j - 2 potions of degeneration {unknown}
 k - a potion of haste {unknown}
 n - a potion of mutation {unknown}
 t - a potion of ambrosia {unknown}
Comestibles
 f - 2 bread rations
 p - 2 royal jellies
 s - a fruit
 x - a chunk of flesh


   Skills:
 + Level 3.5 Fighting
 + Level 3.1 Long Blades
 + Level 3.6 Armour
 + Level 1.0 Dodging
 + Level 0.2 Stealth
 + Level 3.7 Shields


You had 4 spell levels left.
You didn't know any spells.

Dungeon Overview and Level Annotations

Branches:
Dungeon (3/15)

Altars:
Trog


Innate Abilities, Weirdness & Mutations

You have a pair of antennae on your head.
You have a somewhat thin skeletal structure. (Dex +2, Stealth)
A weak demonic guardian rushes to your aid.


Message History

The frilled lizard closely misses your quasit.
The worm closely misses your quasit.
You hit the rat but do no damage.
Your quasit disappears in a puff of smoke!
The gnoll hits you from afar with a halberd of flaming.
The gnoll burns you. You block the rat's attack.
Unknown command.
You hit the rat but do no damage. The rat bites you but does no damage.
The gnoll hits you from afar with a halberd of flaming.
* * * LOW HITPOINT WARNING * * *
The gnoll burns you.
* * * LOW HITPOINT WARNING * * *
You block the frilled lizard's attack.
The rat twitches its whiskers.
The rat bites you but does no damage. The frilled lizard barely misses you.
The gnoll hits you from afar with a halberd of flaming!
* * * LOW HITPOINT WARNING * * *
The gnoll burns you.
You die...

......... .#.#.#.## ..
# #.......# ... #>
#.......##.# ...
#..........#
....#...........
#.....g)...# ##
#.rlw(..####.#. .
#..@................
#..)....######......
##..#...............
...#.††########.##...
K#.#...## #..#... .
..#.#..# ####.....
...#.##.#####..<....#
...<......#.....#.....
#....#.....#.####.###


You could see a worm, a gnoll, a frilled lizard and a rat.

Vanquished Creatures
  Crazy Yiuf (D:2)
  Natasha (twice) (D:2)
  A gnoll (D:3)
  5 adders
  An ooze (D:3)
  2 dart slugs
  3 leopard geckos
  An orc (D:3)
  6 giant cockroaches
  6 goblins
  5 hobgoblins
  9 kobolds
  A ball python (D:2)
  4 bats
  6 frilled lizards
  7 rats
60 creatures vanquished.

Vanquished Creatures (collateral kills)
  Natasha (D:2)
  A gnoll (D:3)
2 creatures vanquished.

Grand Total: 62 creatures vanquished

Notes
Turn   | Place    | Note
-------+----------+-------------------------------------------
     0 | D:1      | slep the Demonspawn Fighter began the quest for the Orb.
     0 | D:1      | Reached XP level 1. HP: 18/18 MP: 1/1
   101 | D:1      | Gained mutation: You have a pair of small antennae on your head. [demonic ancestry]
   101 | D:1      | Reached XP level 2. HP: 15/24 MP: 2/2
   505 | D:1      | Gained mutation: You have a somewhat thin skeletal structure. (Dex +2, Stealth) [demonic ancestry]
   505 | D:1      | Reached XP level 3. HP: 28/29 MP: 3/3
   613 | D:2      | Noticed Natasha
   622 | D:2      | Killed Natasha
   752 | D:2      | Found a bloodstained altar of Trog.
   838 | D:2      | Found a runed door.
   899 | D:2      | Gained mutation: A weak demonic guardian rushes to your aid. [demonic ancestry]
   899 | D:2      | Reached XP level 4. HP: 34/35 MP: 4/4
  1016 | D:2      | Noticed Natasha
  1021 | D:2      | Killed Natasha
  1179 | D:2      | Noticed Natasha
  1187 | D:2      | Killed Natasha
  1282 | D:2      | Noticed Crazy Yiuf
  1286 | D:2      | Killed Crazy Yiuf
  1286 | D:2      | Gained mutation: You have a pair of antennae on your head. [demonic ancestry]
  1286 | D:2      | Reached XP level 5. HP: 36/41 MP: 5/5
  1401 | D:3      | Reached skill level 1 in Dodging
  1583 | D:3      | HP: 1/41 [gnoll/halberd of flaming (9)]
  1583 | D:3      | Slain by a gnoll

Vault maps used:
D:1:      nzn_arrival_water_spiral
D:2:      trog_book, uniq_natasha, uniq_crazy_yiuf_cottage
D:3:      hangedman_abyss_or_decor_stabs, st_stairs_11

Skill      XL: |  1  2  3  4  5 |
---------------+----------------+-----
Shields        | 3 |  3.7
Long Blades    | 2 3 |  3.1
Armour         | 3 |  3.6
Dodging        | 1 |  1.0
Fighting       | |  3.5
Stealth        | |  0.2

Action                   |  1- 3 |  4- 6 || total
-------------------------+-------+-------++-------
Melee: Long sword        |   124 |   118 ||   242
 Stab: Sleeping          |       |     1 ||     1
  Eat: Chunk             |       |     3 ||     3
Armor: Scale mail        |    66 |    49 ||   115
Dodge: Dodged            |    38 |    48 ||    86
Block: Shield            |    69 |    56 ||   125
       Rpst.: Long sword |     8 |    17 ||    25

Table legend:
 A = Spawn XP
 B = Non-spawn XP
 C = Spawn XP percentage of total XP
 D = Spawn monster count
 E = Non-spawn monster count
 F = Spawn count percentage of total count
 G = Total turns spent on level
                    A         B        C        D         E        F      G
               +---------+---------+-------+---------+---------+-------+---------
         Total |       0 |     299 |   0.0 |       0 |      62 |   0.0 |  1583
               +---------+---------+-------+---------+---------+-------+---------
           D:1 |       0 |      42 |   0.0 |       0 |      22 |   0.0 |   550
           D:2 |       0 |     167 |   0.0 |       0 |      21 |   0.0 |   770
           D:3 |       0 |      90 |   0.0 |       0 |      19 |   0.0 |   263
               +---------+---------+-------+---------+---------+-------+---------
